 Dungeon Crawl Stone Soup version 0.20.1-1-g8b1a95d (webtiles) character file.

145 Timinator the Insei (level 5, 0/41 HPs)
             Began as a Vampire Monk on Sept 1, 2017.
             Slain by pedant's ghost (3 damage)
             ... on level 3 of the Dungeon.
             The game lasted 00:24:09 (1222 turns).

Timinator the Insei (Vampire Monk)                  Turns: 1222, Time: 00:24:10

Health: 0/41       AC:  9    Str: 10    XL:     5   Next: 6%
Magic:  5/5        EV: 12    Int: 13    God:
Gold:   90         SH:  0    Dex: 17    Spells: 4/4 levels left

rFire    . . .     SeeInvis +     - Unarmed
rCold    . . .     Gourm    .   (no shield)
rNeg     . . .     Faith    .   l - +0 ring mail
rPois    .         Spirit   .   j - +0 helmet
rElec    .         Reflect  .   (no cloak)
rCorr    .         Harm     .   (no gloves)
MR       .....                  (no boots)
Stlth    ++........             (no amulet)
Regen    0.4/turn               e - +3 ring of protection
MPRegen  0.1/turn               (no ring)

@: regenerating quickly
A: fangs 3, see invisible, unbreathing
a: no special abilities


You were on level 3 of the Dungeon.
You were full.

You visited 1 branch of the dungeon, and saw 3 of its levels.

You collected 90 gold pieces.

Inventory:

Armour
 a - a +0 robe
 j - a +0 helmet (worn)
 l - a +0 ring mail (worn)
Jewellery
 e - a +3 ring of protection (left hand)
Wands
 h - a wand of flame (6/48)
Scrolls
 c - a scroll of magic mapping {unknown}
 d - a scroll of remove curse {unknown}
 f - a scroll of amnesia {unknown}
 i - 3 scrolls of identify
 m - a scroll of enchant armour {unknown}
Potions
 b - 8 potions of blood
 g - 2 potions of curing
 k - a potion of ambrosia {unknown}
 n - a potion of flight {unknown}


   Skills:
 + Level 3.1 Fighting
 * Level 1.6 Armour
 + Level 3.8 Dodging
 - Level 3.0 Stealth
 + Level 5.1 Unarmed Combat


You had 4 spell levels left.
You didn't know any spells.

Dungeon Overview and Level Annotations

Branches:
Dungeon (3/15)

Altars:
Ashenzari

Portals:
Sewer: D:3

Annotations:
D:3 pedant's ghost, novice OgSk


Innate Abilities, Weirdness & Mutations

Your natural rate of healing is unusually fast.
You have razor-sharp teeth.
You have supernaturally acute eyesight. (SInv)
You can survive without breathing.


Message History

Pedant's ghost hits you but does no damage.
You hit pedant's ghost.
Pedant's ghost is heavily damaged.
Pedant's ghost hits you.
You barely miss pedant's ghost.
Pedant's ghost is heavily damaged.
Pedant's ghost hits you.
You hit pedant's ghost but do no damage.
Pedant's ghost is heavily damaged.
You hear the rusting of a drain.
Pedant's ghost hits you.
It was a potion of curing.
You feel better. Pedant's ghost hits you!
You closely miss pedant's ghost.
Pedant's ghost is heavily damaged.
Pedant's ghost hits you!
* * * LOW HITPOINT WARNING * * *
You hit pedant's ghost. You punch pedant's ghost.
Pedant's ghost is heavily damaged.
Pedant's ghost hits you.
You die...

## )# # . #.
... #. #..#$.≈
#.. ...≈≈≈≈
#.. .#≈≈≈≈≈
#.. ##.≈≈≈≈≈≈
... #...≈≈≈∩≈
### #†W≈≈≈≈≈≈
####@.#≈≈≈≈≈
###.......≈≈≈≈
#.....##..#..?
#.#...# ....$.
#.##### .#..?!
#.# ###.# #.#
.# #. #.#
###.## #.#
.....


You could see pedant's ghost.

Vanquished Creatures
  A crimson imp (D:3)
  Terence (D:2)
  4 adders
  An ooze (D:3)
  A worm (D:3)
  3 dart slugs (D:1)
  A leopard gecko (D:2)
  3 bats
  2 giant cockroaches
  3 goblins
  4 hobgoblins
  2 jackals (D:3)
  2 ball pythons
  2 frilled lizards
  3 kobolds
  8 rats
41 creatures vanquished.

Notes
Turn   | Place    | Note
-------+----------+-------------------------------------------
     0 | D:1      | Timinator the Vampire Monk began the quest for the Orb.
     0 | D:1      | Reached XP level 1. HP: 17/17 MP: 1/1
   169 | D:1      | Reached XP level 2. HP: 18/23 MP: 2/2
   502 | D:2      | Reached skill level 4 in Unarmed Combat
   502 | D:2      | Reached XP level 3. HP: 24/29 MP: 3/3
   712 | D:2      | Noticed Terence
   731 | D:2      | Killed Terence
   808 | D:2      | Reached XP level 4. HP: 35/35 MP: 4/4
   846 | D:2      | Found a shattered altar of Ashenzari.
  1027 | D:3      | Reached skill level 1 in Armour
  1094 | D:3      | Reached skill level 5 in Unarmed Combat
  1154 | D:3      | Reached XP level 5. HP: 41/41 MP: 5/5
  1184 | D:3      | Found a glowing drain.
  1193 | D:3      | Noticed pedant's ghost (novice OgSk)
  1222 | D:3      | Slain by pedant's ghost

Skill      XL: |  1  2  3  4 |
---------------+-------------+-----
Fighting       | 3 |  3.1
Unarmed Combat | 4 5 |  5.1
Armour         | 1 |  1.6
Dodging        | |  3.8
Stealth        | |  3.0

Action                   |  1- 3 |  4- 6 || total
-------------------------+-------+-------++-------
Melee: Unarmed           |   107 |    69 ||   176
       Bite              |    10 |     6 ||    16
       Punch             |     1 |     4 ||     5
  Use: Scroll            |     1 |       ||     1
       Potion            |       |     1 ||     1
 Stab: Sleeping          |     2 |     2 ||     4
  Eat: Corpse            |     5 |     2 ||     7
Armor: Ring mail         |    29 |    13 ||    42
Dodge: Dodged            |    57 |    34 ||    91
